TOP OF THE 1ST |
Toledo Mud Hens batting - Pitching for Tacoma Rainiers : RHP Justin Lee
|
Pitching: RHP Justin Lee
|
|
Batting: RHB Brandon O'Malley
|
0-0: Ball 1-0: SINGLE (Line Drive, 8RS, EV 96.2 MPH)
|
Batting: RHB J.J. Basil
|
0-0: Ball 1-0: Ball 2-0: Called Strike 2-1: Called Strike Brandon O'Malley is caught stealing 2nd base 2-4 2-2: Foul Ball, location: 2F 2-2: Ball 3-2: Strikes out swinging
|
Batting: LHB Bill Ford
|
0-0: Foul Ball, location: 2F 0-1: Swinging Strike 0-2: Ball 1-2: Strikes out swinging
|
Top of the 1st over - 0 runs, 1 hit, 0 errors, 0 left on base; Toledo 0 - Tacoma 0 |
BOTTOM OF THE 1ST |
Tacoma Rainiers batting - Pitching for Toledo Mud Hens : RHP Ricky Tercero
|
Pitching: RHP Ricky Tercero
|
|
Batting: RHB Brad Robidas
|
0-0: Bunted foul 0-1: Ball 1-1: Called Strike 1-2: SINGLE (Groundball, 4M, EV 105.0 MPH) (infield hit)
|
Batting: RHB Enrique Valdez
|
0-0: Ball 1-0: Grounds into double play, U4-3 (Groundball, 6MS, EV 83.8 MPH)
|
Batting: LHB Josh Pittman
|
0-0: Ground out 6-3 (Groundball, 56, EV 80.0 MPH)
|
Bottom of the 1st over - 0 runs, 1 hit, 0 errors, 0 left on base; Toledo 0 - Tacoma 0 |
TOP OF THE 2ND |
Toledo Mud Hens batting - Pitching for Tacoma Rainiers : RHP Justin Lee
|
Batting: LHB Jon Frederick
|
0-0: Ground out 3-1 (Groundball, 34S, EV 83.1 MPH)
|
Batting: RHB Dan Becvar
|
0-0: Ball 1-0: Fly out, F8 (Line Drive, 8RM, EV 108.1 MPH)
|
Batting: RHB Jamie Villagrana
|
0-0: Ground out 6-3 (Groundball, 56D, EV 87.5 MPH)
|
Top of the 2nd over - 0 runs, 0 hits, 0 errors, 0 left on base; Toledo 0 - Tacoma 0 |
BOTTOM OF THE 2ND |
Tacoma Rainiers batting - Pitching for Toledo Mud Hens : RHP Ricky Tercero
|
Batting: LHB Ryan Lowe
|
0-0: Fly out, F8 (Line Drive, 8RM, EV 96.9 MPH)
|
Batting: SHB Ray Skogen
|
0-0: Ball 1-0: Called Strike 1-1: Fly out, F7 (Flyball, 7LMF, EV 101.2 MPH)
|
Batting: RHB Josh Ruhl
|
0-0: Ball 1-0: Ball 2-0: Called Strike 2-1: Foul Ball, location: 2F 2-2: Fly out, F8 (Flyball, 8LM, EV 83.8 MPH)
|
Bottom of the 2nd over - 0 runs, 0 hits, 0 errors, 0 left on base; Toledo 0 - Tacoma 0 |
TOP OF THE 3RD |
Toledo Mud Hens batting - Pitching for Tacoma Rainiers : RHP Justin Lee
|
Batting: RHB Keith Hoffman
|
0-0: Ball 1-0: Ball 2-0: Called Strike 2-1: Fly out, F8 (Flyball, 8RD, EV 89.4 MPH)
|
Batting: RHB Aaron Cusick
|
0-0: Ground out 1-3 (Groundball, 34S, EV 64.4 MPH)
|
Batting: SHB Chris Wagler
|
0-0: Called Strike 0-1: Ball 1-1: Foul Ball, location: 2F 1-2: Strikes out swinging
|
Top of the 3rd over - 0 runs, 0 hits, 0 errors, 0 left on base; Toledo 0 - Tacoma 0 |
BOTTOM OF THE 3RD |
Tacoma Rainiers batting - Pitching for Toledo Mud Hens : RHP Ricky Tercero
|
Batting: RHB Rick Ellis
|
0-0: Called Strike 0-1: Ball 1-1: Foul Ball, location: 2F 1-2: Fly out, F7 (Line Drive, 7, EV 106.2 MPH)
|
Batting: RHB Chris Olheiser
|
0-0: Swinging Strike 0-1: Swinging Strike 0-2: Strikes out swinging
|
Batting: RHB Max Schellekens
|
0-0: Ground out 5-3 (Groundball, 5L, EV 103.8 MPH)
|
Bottom of the 3rd over - 0 runs, 0 hits, 0 errors, 0 left on base; Toledo 0 - Tacoma 0 |
TOP OF THE 4TH |
Toledo Mud Hens batting - Pitching for Tacoma Rainiers : RHP Justin Lee
|
Batting: RHB Brandon O'Malley
|
0-0: Called Strike 0-1: Ball 1-1: Swinging Strike 1-2: Ground out 4-3 (Groundball, 4, EV 91.2 MPH)
|
Batting: RHB J.J. Basil
|
0-0: SOLO HOME RUN (Flyball, 7LD, EV 96.9 MPH), Distance : 348 ft
|
Batting: LHB Bill Ford
|
0-0: Called Strike 0-1: Ball 1-1: Foul Ball, location: 2F 1-2: Foul Ball, location: 2F 1-2: Ball 2-2: Ball 3-2: Foul Ball, location: 2F 3-2: Foul Ball, location: 2F 3-2: Foul Ball, location: 2F 3-2: Ground out 4-3 (Groundball, 4M, EV 93.8 MPH)
|
Batting: LHB Jon Frederick
|
0-0: Swinging Strike 0-1: Ground out 3-1 (Groundball, 34D, EV 96.2 MPH)
|
Top of the 4th over - 1 run, 1 hit, 0 errors, 0 left on base; Toledo 1 - Tacoma 0 |
BOTTOM OF THE 4TH |
Tacoma Rainiers batting - Pitching for Toledo Mud Hens : RHP Ricky Tercero
|
Batting: RHB Brad Robidas
|
0-0: Swinging Strike 0-1: Foul Ball, location: 2F 0-2: Ball 1-2: Strikes out looking
|
Batting: RHB Enrique Valdez
|
0-0: Reached on error, E5 (Groundball, 56, EV 83.8 MPH)
|
Batting: LHB Josh Pittman
|
0-0: Foul Ball, location: 2F 0-1: SINGLE (Flyball, 8LS, EV 93.1 MPH) Enrique Valdez to third
|
Batting: LHB Ryan Lowe
|
0-0: Foul Ball, location: 2F 0-1: Called Strike 0-2: Ball 1-2: Fly out, F9 (Flyball, 9, EV 93.8 MPH) Runner from 3rd tags up, SCORES, throw by RF
|
Batting: SHB Ray Skogen
|
0-0: Ball 1-0: Ball 2-0: Ball 3-0: Base on Balls Josh Pittman to second
|
Batting: RHB Josh Ruhl
|
0-0: Called Strike 0-1: Foul Ball, location: 2F 0-2: SINGLE (Groundball, 56S, EV 61.9 MPH) (infield hit) Josh Pittman to third Ray Skogen to second
|
Batting: RHB Rick Ellis
|
0-0: Ball 1-0: Called Strike 1-1: SINGLE (Groundball, 4D, EV 101.2 MPH) Josh Pittman scores Ray Skogen to third Josh Ruhl to second Runner from 3rd tries for Home, SAFE, throw by CF to home
|
Batting: RHB Chris Olheiser
|
0-0: Called Strike 0-1: Foul Ball, location: 2F 0-2: Foul Ball, location: 2F 0-2: Strikes out swinging
|
Bottom of the 4th over - 3 runs, 3 hits, 1 error, 2 left on base; Toledo 1 - Tacoma 3 |
TOP OF THE 5TH |
Toledo Mud Hens batting - Pitching for Tacoma Rainiers : RHP Justin Lee
|
Batting: RHB Dan Becvar
|
0-0: Ball 1-0: SINGLE (Groundball, 34S, EV 66.2 MPH) (infield hit)
|
Batting: RHB Jamie Villagrana
|
0-0: Called Strike Dan Becvar steals 2nd base 0-1: Foul Ball, location: 2F 0-2: Ball 1-2: Foul Ball, location: 2F 1-2: Ball 2-2: Foul Ball, location: 2F 2-2: Strikes out swinging
|
Batting: RHB Keith Hoffman
|
0-0: Foul Ball, location: 2F 0-1: Ball 1-1: Ground out 1-3 (Groundball, P, EV 66.2 MPH) Dan Becvar to third
|
Batting: RHB Aaron Cusick
|
0-0: Called Strike 0-1: Called Strike 0-2: Ball 1-2: Ball 2-2: Fly out, F6 (Popup, 6S, EV 75.0 MPH)
|
Top of the 5th over - 0 runs, 1 hit, 0 errors, 1 left on base; Toledo 1 - Tacoma 3 |
BOTTOM OF THE 5TH |
Tacoma Rainiers batting - Pitching for Toledo Mud Hens : RHP Ricky Tercero
|
Batting: RHB Max Schellekens
|
0-0: Ball 1-0: SINGLE (Flyball, 8LS, EV 83.8 MPH)
|
Batting: RHB Brad Robidas
|
0-0: Foul Ball, location: 2F 0-1: SINGLE (Groundball, 6MD, EV 101.2 MPH) Max Schellekens to second
|
Batting: RHB Enrique Valdez
|
0-0: Called Strike 0-1: SINGLE (Groundball, 34D, EV 106.2 MPH) Max Schellekens to third Brad Robidas to second
|
Batting: LHB Josh Pittman
|
0-0: Ball 1-0: SINGLE (Groundball, 4D, EV 106.2 MPH) Max Schellekens scores Brad Robidas to third Enrique Valdez to second Runner from 3rd tries for Home, SAFE, throw by CF to home
|
Pitching: RHP Luis Brown
|
|
Batting: LHB Ryan Lowe
|
0-0: Ball 1-0: Ball 2-0: Foul Ball, location: 2F 2-1: SINGLE (Line Drive, 89S, EV 91.9 MPH) Enrique Valdez to third Josh Pittman to second Runner from 3rd tries for Home, throw by CF and OUT! 8-2
|
Batting: SHB Ray Skogen
|
0-0: Ball 1-0: Ball 2-0: Ball 3-0: Called Strike 3-1: Foul Ball, location: 2F 3-2: Strikes out swinging
|
Batting: RHB Josh Ruhl
|
0-0: Ball 1-0: Ball 2-0: Fly out, F3 (Popup, 3SF, EV 76.9 MPH)
|
Bottom of the 5th over - 2 runs, 5 hits, 0 errors, 2 left on base; Toledo 1 - Tacoma 5 |
TOP OF THE 6TH |
Toledo Mud Hens batting - Pitching for Tacoma Rainiers : RHP Justin Lee
|
Batting: SHB Chris Wagler
|
0-0: Ball 1-0: Foul Ball, location: 2F 1-1: Fly out, F4 (Popup, 4MD, EV 68.1 MPH)
|
Batting: RHB Brandon O'Malley
|
0-0: Called Strike 0-1: Ball 1-1: Fly out, F6 (Popup, 6M, EV 73.1 MPH)
|
Batting: RHB J.J. Basil
|
0-0: Swinging Strike 0-1: Foul Ball, location: 2F 0-2: Strikes out swinging
|
Top of the 6th over - 0 runs, 0 hits, 0 errors, 0 left on base; Toledo 1 - Tacoma 5 |
BOTTOM OF THE 6TH |
Tacoma Rainiers batting - Pitching for Toledo Mud Hens : RHP Luis Brown
|
Batting: RHB Rick Ellis
|
0-0: Called Strike 0-1: Swinging Strike 0-2: Strikes out looking
|
Batting: RHB Chris Olheiser
|
0-0: Foul Ball, location: 2F 0-1: Ball 1-1: Called Strike 1-2: Strikes out looking and he ARGUES THE CALL AND IS TOSSED!
|
Batting: RHB Max Schellekens
|
0-0: Ball 1-0: SINGLE (Groundball, 6D, EV 100.0 MPH)
|
Batting: RHB Brad Robidas
|
0-0: Swinging Strike 0-1: Ball Max Schellekens steals 2nd base 1-1: Ball 2-1: Ground out 6-3 (Groundball, 6M, EV 81.9 MPH)
|
Bottom of the 6th over - 0 runs, 1 hit, 0 errors, 1 left on base; Toledo 1 - Tacoma 5 |
TOP OF THE 7TH |
Toledo Mud Hens batting - Pitching for Tacoma Rainiers : RHP Justin Lee
|
Now at C: Jeff Cox
|
|
Batting: LHB Bill Ford
|
0-0: Called Strike 0-1: Ball 1-1: Ball 2-1: Swinging Strike 2-2: Ball 3-2: Base on Balls
|
Batting: LHB Jon Frederick
|
0-0: Ball 1-0: Ball 2-0: Called Strike 2-1: Swinging Strike 2-2: Foul Ball, location: 2F 2-2: Ball 3-2: Fly out, F7 (Flyball, 78M, EV 78.8 MPH)
|
Batting: RHB Dan Becvar
|
0-0: Ball Bill Ford steals 2nd base 1-0: Ball 2-0: Called Strike 2-1: Swinging Strike 2-2: Ball 3-2: Foul Ball, location: 2F 3-2: Base on Balls
|
Batting: RHB Jamie Villagrana
|
0-0: Ball 1-0: Ball 2-0: Ball 3-0: Called Strike 3-1: Called Strike 3-2: Strikes out swinging
|
Pitching: LHP Rentaro Minami
|
|
Batting: RHB Keith Hoffman
|
0-0: Called Strike 0-1: Ball 1-1: Foul Ball, location: 2F 1-2: Ground out 4-3 (Groundball, 4, EV 103.1 MPH)
|
Top of the 7th over - 0 runs, 0 hits, 0 errors, 2 left on base; Toledo 1 - Tacoma 5 |
BOTTOM OF THE 7TH |
Tacoma Rainiers batting - Pitching for Toledo Mud Hens : RHP Luis Brown
|
Batting: RHB Enrique Valdez
|
0-0: Ball 1-0: Ground out 4-3 (Groundball, 4, EV 76.2 MPH)
|
Batting: LHB Josh Pittman
|
0-0: SOLO HOME RUN (Line Drive, 7D, EV 98.8 MPH), Distance : 380 ft
|
Batting: LHB Ryan Lowe
|
0-0: Ball 1-0: Foul Ball, location: 2F 1-1: Foul Ball, location: 2F 1-2: Ball 2-2: Foul Ball, location: 2F 2-2: Foul Ball, location: 2F 2-2: Foul Ball, location: 2F 2-2: Ball 3-2: SINGLE (Flyball, 8LS, EV 96.9 MPH)
|
Batting: SHB Ray Skogen
|
0-0: Ball 1-0: Ball 2-0: Called Strike 2-1: Foul Ball, location: 2F 2-2: Ball 3-2: Foul Ball, location: 2F 3-2: Foul Ball, location: 2F 3-2: Grounds out, U3 (Groundball, 3L, EV 82.5 MPH)
|
Pitching: LHP Bobby Jones
|
|
Batting: RHB Josh Ruhl
|
0-0: Called Strike 0-1: Foul Ball, location: 2F 0-2: Strikes out swinging
|
Bottom of the 7th over - 1 run, 2 hits, 0 errors, 1 left on base; Toledo 1 - Tacoma 6 |
TOP OF THE 8TH |
Toledo Mud Hens batting - Pitching for Tacoma Rainiers : LHP Rentaro Minami
|
Batting: RHB Aaron Cusick
|
0-0: Swinging Strike 0-1: Ball 1-1: Ball 2-1: Called Strike 2-2: Ground out 6-3 (Groundball, 6, EV 86.2 MPH)
|
Batting: SHB Chris Wagler
|
0-0: Ball 1-0: Called Strike 1-1: Ball 2-1: Called Strike 2-2: Fly out, F8 (Flyball, 89D, EV 88.8 MPH)
|
Batting: RHB Brandon O'Malley
|
0-0: Ball 1-0: Ball 2-0: Ball 3-0: Foul Ball, location: 2F 3-1: Swinging Strike 3-2: Base on Balls
|
Batting: RHB J.J. Basil
|
0-0: Ball 1-0: Fly out, F9 (Line Drive, 9, EV 85.0 MPH)
|
Top of the 8th over - 0 runs, 0 hits, 0 errors, 1 left on base; Toledo 1 - Tacoma 6 |
BOTTOM OF THE 8TH |
Tacoma Rainiers batting - Pitching for Toledo Mud Hens : LHP Bobby Jones
|
Batting: RHB Rick Ellis
|
0-0: Swinging Strike 0-1: Ball 1-1: Called Strike 1-2: Ball 2-2: Ball 3-2: Strikes out looking
|
Batting: RHB Jeff Cox
|
0-0: Swinging Strike 0-1: Ground out 6-3 (Groundball, 6, EV 85.6 MPH)
|
Batting: RHB Max Schellekens
|
0-0: Ball 1-0: Ball 2-0: Called Strike 2-1: Fly out, F7 (Flyball, 78M, EV 89.4 MPH)
|
Bottom of the 8th over - 0 runs, 0 hits, 0 errors, 0 left on base; Toledo 1 - Tacoma 6 |
TOP OF THE 9TH |
Toledo Mud Hens batting - Pitching for Tacoma Rainiers : LHP Rentaro Minami
|
Batting: LHB Bill Ford
|
0-0: Swinging Strike 0-1: Swinging Strike 0-2: Foul Ball, location: 2F 0-2: Strikes out looking
|
Batting: LHB Jon Frederick
|
0-0: Ball 1-0: Swinging Strike 1-1: Ground out 4-3 (Groundball, 34, EV 101.2 MPH)
|
Batting: RHB Dan Becvar
|
0-0: Ball 1-0: Ground out U3 (Groundball, 34S, EV 85.0 MPH)
|
Top of the 9th over - 0 runs, 0 hits, 0 errors, 0 left on base; Toledo 1 - Tacoma 6 |
|